 Dungeon Crawl Stone Soup version 0.30-a0-696-g2367cd04db (webtiles) character file.

Game seed: 5521788774834366561

162 mandarbmax the Twirler (level 5, -5/17 (41) HPs)
             Began as a Formicid Fighter on Jan 21, 2023.
             Slain by an ogre
             ... wielding a +0 giant spiked club
              (22 damage)
             ... on level 4 of the Dungeon.
             The game lasted 00:04:21 (2809 turns).

mandarbmax the Twirler (Formicid Fighter)           Turns: 2809, Time: 00:04:21

HP:   -5/17 (41)    AC: 10    Str: 22    XL:     5   Next: 71%
MP:   5/5           EV: 10    Int:  8    God:
Gold: 107           SH:  5    Dex: 13    Spells: 4/4 levels left

rFire   . . .      SeeInvis +    a - +0 quarterstaff
rCold   . . .      Faith    .    c - +0 buckler
rNeg    . . .      Spirit   .    l - +5 ring mail
rPois   .          Reflect  .    (helmet unavailable)
rElec   .          Harm     .    (no cloak)
rCorr   .          Rampage  .    (no gloves)
Will    .....                    (no boots)
Stlth   +                        i - amulet of magic regeneration
HPRegen 0.22/turn                (no ring)
MPRegen 0.49/turn                (no ring)

@: extremely drained
A: permanent stasis, dig shafts and tunnels, antennae 3, four strong arms
a: Dig, Shaft Self


You were on level 4 of the Dungeon.
You visited 1 branch of the dungeon, and saw 4 of its levels.
You also visited: Sewer.

You collected 107 gold pieces.

Inventory:

Hand Weapons
 a - a +0 quarterstaff (weapon)
Armour
 c - a +0 buckler (worn)
 l - a +5 ring mail (worn)
Jewellery
 i - an amulet of magic regeneration (around neck)
Scrolls
 e - 2 scrolls of fear
 f - a scroll of immolation
 g - a scroll of brand weapon {unknown}
 h - 2 scrolls of teleportation
 j - a scroll of poison {unknown}
 k - a scroll of magic mapping {unknown}
 m - a scroll of enchant armour
 n - a scroll of noise {unknown}
 o - 2 scrolls of fog
Potions
 b - a potion of mutation
 d - 2 potions of might
 p - a potion of attraction {unknown}
 q - a potion of lignification {unknown}
 r - a potion of curing {unknown}


   Skills:
 - Level 3.2 Fighting
 + Level 5.5 Staves
 - Level 3.2 Armour
 - Level 4.0 Shields


You had 4 spell levels left.
You didn't know any spells.
Your spell library contained the following spells:

 Spells                   Type           Power      Damage    Failure   Level
 Stone Arrow              Conj/Erth      0%         3d7       94%         3
 Animate Armour           Summ/Erth      0%         N/A       100%        4
 Lehudib's Crystal Spear  Conj/Erth      0%         10d2      100%        8


Dungeon Overview and Level Annotations

Branches:
Dungeon (4/15)              Sewer (visited)
 Temple: D:4-7

Altars:
Uskayaw


Innate Abilities, Weirdness & Mutations

You cannot be hasted, slowed, berserked, paralysed or teleported.
You can dig through walls and to a lower floor.
You have a pair of large antennae on your head. (SInv)
Your four strong arms can wield two-handed weapons with a shield.


Message History

You see here an adder corpse.
You sense a monster nearby.
A bat comes into view.
You block the bat's attack.
A bat is nearby!
You block the bat's attack. The bat misses you.
You miss the bat. The bat closely misses you.
You miss the bat. The bat barely misses you. You block the bat's attack.
You barely miss the bat. The bat misses you. The bat barely misses you.
You hit the bat.
You kill the bat!
No target in view!
No target in view!
No target in view!
No target in view!
No target in view!
No target in view!
No target in view!
No target in view!
No target in view!
No target in view!
No target in view!
No target in view!
No target in view!
You see here a bat corpse.
Done exploring.
Done exploring.
Done exploring.
Done exploring.
Okay, then.
(D) Dungeon
Where to? (Enter - D:3, ? - help)
There is a stone staircase leading down here.
You climb downwards.
Found a shimmering brass amulet.
There is a stone staircase leading up here.
An ogre is nearby!
The ogre hits you with a +0 giant spiked club!!
Ouch! That really hurt!
You die...

##+## ##...##
##.....##
##.......#.#
#...O....".##
+....@.......
#............
##.......####
##.....##
##...## ##+##


You could see an ogre.

Vanquished Creatures
  9 adders
  2 worms
  4 dart slugs
  6 ball pythons
  4 bats
  4 endoplasms
  4 giant cockroaches
  3 goblins
  2 hobgoblins (D:2)
  5 jackals
  5 quokkas
  7 frilled lizards
  3 kobolds
  13 rats
71 creatures vanquished.

Notes
Turn   | Place    | Note
-------+----------+-------------------------------------------
     0 | D:1      | mandarbmax the Formicid Fighter began the quest for the
                  | Orb.
     0 | D:1      | Reached XP level 1. HP: 18/18 MP: 1/1
   193 | D:1      | Reached XP level 2. HP: 24/24 MP: 2/2
   363 | D:1      | Found a faded altar of an unknown god.
   748 | D:2      | Reached skill level 3 in Staves
   767 | D:2      | Reached XP level 3. HP: 25/29 MP: 3/3
  1063 | D:2      | Reached skill level 4 in Staves
  1063 | D:2      | Reached XP level 4. HP: 12/35 MP: 4/4
  1967 | D:3      | Found a hide-covered altar of Uskayaw.
  2057 | D:3      | Reached XP level 5. HP: 41/41 MP: 5/5
  2059 | D:3      | Found a glowing drain.
  2071 | Sewer    | Entered a sewer
  2107 | Sewer    | Reached skill level 5 in Staves
  2808 | D:4      | Noticed an ogre
  2809 | D:4      | Slain by an ogre

Illustrated notes

Levels and vault maps discovered:
D:1:      minmay_arrival_radiant_lines, layout_rooms,
          shapermc_ecumenical_altar_petra, minmay_misc_feat_tiny
D:2:      layout_basic
D:3:      layout_loops_ring, nicolae_uskayaw_dance_hall, gup_sewer_entry_pipe,
          grunt_ministairs_5
D:4:      layout_loops_corners, minmay_temple_entry_arrows, chequers_arboretum,
          uniq_edmund, uniq_eustachio, uniq_ijyb

Skill      XL: |  1  2  3  4  5 |
---------------+----------------+-----
Staves         | 3 4 5 |  5.5
Fighting       | |  3.2
Armour         | |  3.2
Shields        | |  4.0

Action                   |  1- 3 |  4- 6 || total
-------------------------+-------+-------++-------
Melee: Quarterstaff      |    95 |   152 ||   247
 Abil: Dig               |       |     2 ||     2
  Use: Scroll            |       |     7 ||     7
Armor: Scale mail        |    56 |    10 ||    66
       Ring mail         |       |    44 ||    44
Dodge: Dodged            |    40 |    75 ||   115
Block: Buckler           |    24 |    30 ||    54

Table legend: (Time is in decaauts)
 A = Elapsed time spent in this place.
 B = Non-inter-level travel time spent in this place.
 C = Inter-level travel time spent in this place.
 D = Time resting spent in this place.
 E = Time spent auto-exploring this place.
 F = Levels seen in this place.
 G = Mean time per level.
                   A        B        C        D        E       F      G
               +--------+--------+--------+--------+--------+-----+--------+
         Total |   2893 |   2793 |    100 |      0 |   2109 |   5 |  578.6 |
       Dungeon |   2420 |   2320 |    100 |      0 |   1905 |   4 |  605.0 |
         Sewer |    472 |    472 |      0 |      0 |    203 |   1 |  472.0 |
               +--------+--------+--------+--------+--------+-----+--------+

Top non-repeatable levels by time:
     D:2: 1103 daAuts
     D:3: 831 daAuts
     D:1: 484 daAuts
   Sewer: 472 daAuts
     D:4: 0 daAuts
